 Dungeon Crawl Stone Soup version 0.20.1-1-g8b1a95d (webtiles) character file.

15 LVoren the Ogre Mage (level 2, -5/24 HPs)
             Began as an Ogre Wizard on Aug 3, 2017.
             Slain by a goblin
             ... wielding a +0 hand axe
              (7 damage)
             ... on level 1 of the Dungeon.
             The game lasted 00:02:42 (312 turns).

LVoren the Ogre Mage (Ogre Wizard)                   Turns: 312, Time: 00:02:42

Health: -5/24      AC:  3    Str: 10    XL:     2   Next: 50%
Magic:  1/6        EV: 10    Int: 19    God:
Gold:   10         SH:  0    Dex:  7    Spells: 7/8 levels left

rFire    . . .     SeeInvis .   e - +0 short sword
rCold    . . .     Gourm    .   (no shield)
rNeg     . . .     Faith    .   a - +0 robe
rPois    .         Spirit   .   b - +0 hat
rElec    .         Reflect  .   (no cloak)
rCorr    .         Harm     .   (gloves unavailable)
MR       .....                  (boots unavailable)
Stlth    +.........             (no amulet)
Regen    0.1/turn               (no ring)
MPRegen  0.1/turn               (no ring)

@: no status effects
A: unfitting armour, tough skin 1
a: no special abilities


You were on level 1 of the Dungeon.
You were not hungry.

You visited 1 branch of the dungeon, and saw 1 of its levels.

You collected 10 gold pieces.

Inventory:

Hand Weapons
 e - a +0 short sword (weapon)
Armour
 a - a +0 robe (worn)
 b - a +0 hat (worn)
Books
 c - a book of Minor Magic

   Spells                             Type                      Level
   a - Magic Dart                     Conjuration                  1
   b - Blink                          Translocation                2
   c - Call Imp                       Summoning                    2
   d - Slow                           Hexes                        2
   e - Conjure Flame                  Conjuration/Fire             3
   f - Mephitic Cloud                 Conjuration/Poison/Air       3
Comestibles
 d - a bread ration


   Skills:
 - Level 1.7 Dodging
 - Level 1.4 Stealth
 - Level 3.6 Spellcasting
 + Level 2.1 Conjurations
   Level 0.8 Summonings
   Level 0.8 Translocations


You had 7 spell levels left.
You knew the following spells:

 Your Spells              Type           Power        Failure   Level  Hunger
a - Magic Dart            Conj           ##..         6%          1    None


Dungeon Overview and Level Annotations

Branches:
Dungeon (1/15)

Altars:


Innate Abilities, Weirdness & Mutations

You are too large for most types of armour.
You have tough skin. (AC +1)


Message History

Confirm with . or Enter, or press ? or * to list all spells.
Aiming: Magic Dart
Press: ? - help, Shift-Dir - straight line, f/p - giant cockroach
Aim: a giant cockroach (almost dead, clinging)
The magic dart hits the giant cockroach.
The giant cockroach is almost dead.
The giant cockroach barely misses you.
Casting: Magic Dart
Confirm with . or Enter, or press ? or * to list all spells.
Okay, then.
The goblin hits you but does no damage.
You closely miss the goblin. The frilled lizard bites you.
* * * LOW HITPOINT WARNING * * *
The goblin barely misses you.
You barely miss the goblin. The frilled lizard barely misses you.
The goblin barely misses you. The frilled lizard misses you.
You closely miss the goblin. The goblin misses you.
The frilled lizard closely misses you.
You barely miss the frilled lizard. The goblin hits you with a hand axe!
You die...

...#.##..# #.#####.# ...)###..#
#.# #g# ....##...# #######b#
#†# ?........###..sb.s.# #.#
.#..........l####### #l#
###†........[## #.#
†..#..........# ###.#
.<.#..........########.>.#
......###.....gg@lsg.....###
...#..#..#..!.#####........#.
...#..#.......................
#.##..#........).(.#...........
#(#....#.#.......$......(......
.#.................>...).......
.............[.................
............######...........
..........### .............


You could see a giant cockroach, 3 goblins and a frilled lizard.

Vanquished Creatures
  A dart slug (D:1)
  A giant cockroach (D:1)
  2 goblins (D:1)
  2 hobgoblins (D:1)
  2 kobolds (D:1)
  A ball python (D:1)
  A bat (D:1)
  A frilled lizard (D:1)
  2 rats (D:1)
13 creatures vanquished.

Notes
Turn   | Place    | Note
-------+----------+-------------------------------------------
     0 | D:1      | LVoren the Ogre Wizard began the quest for the Orb.
     0 | D:1      | Reached XP level 1. HP: 16/16 MP: 5/5
     2 | D:1      | Reached skill level 1 in Conjurations
    78 | D:1      | Reached XP level 2. HP: 23/24 MP: 0/6
   312 | D:1      | Slain by a goblin

Skill      XL: |  1  2 |
---------------+-------+-----
Conjurations   | 1 2 |  2.1
Dodging        | |  1.7
Stealth        | |  1.4
Spellcasting   | |  3.6
Summonings     | |  0.8
Translocations | |  0.8

Action                   || total
-------------------------++-------
Melee: Unarmed           ||     3
       Short sword       ||     8
 Cast: Magic Dart        ||    33
Armor: Robe              ||    37
Dodge: Dodged            ||    35
